 Dungeon Crawl Stone Soup version 0.31-a0-365-gcf821cafb2 (webtiles) character file.

Game seed: 7657603451317083225

567853 juan097 the Conqueror (level 25, -18/257 HPs)
             Began as a Minotaur Berserker on July 26, 2023.
             Was the Champion of Trog.
             Killed from afar by a quicksilver dragon (27 damage)
             ... with a bolt of dispelling energy
             ... on level 4 of the Realm of Zot on July 27, 2023.
             The game lasted 03:07:23 (70544 turns).

juan097 the Conqueror (Minotaur Berserker)         Turns: 70544, Time: 03:07:24

Health: -18/257    AC: 47    Str: 36    XL:     25   Next: 54%
Magic:  0/31       EV: 15    Int:  5    God:    Trog [******]
Gold:   4713       SH:  0    Dex: 13    Spells: 24/24 levels left

rFire   + + .        a - +9 executioner's axe of Bodily Harmony {flame, Will+ Str+5}
rCold   + + .        (shield currently unavailable)
rNeg    . . .        Y - +11 gold dragon scales
rPois   +            i - +2 hat {Int+3}
rElec   .            S - +2 cloak {rCorr}
rCorr   +            r - +0 pair of gloves {hurl}
SInv    .            M - +2 pair of boots {Fly}
Will    +++++        X - amulet "Nastraffi" {Spirit +Blink} Stlth
                     h - ring "Ydaorush" {+Blink Will+++ MP+9 Int-2 Stlth+, =R}
HPRegen 1.62/turn    e - ring of Tacuuvve {rF+ rC+ Slay+2}
MPRegen 0.22/turn

%: guardian spirit
@: strong-willed, flying, regenerating, studying 2 skills
A: horns 2, retaliatory headbutt, no potion heal 1
}: 3/15 runes: decaying, serpentine, abyssal
a: Renounce Religion, Evoke Blink, Berserk, Trog's Hand, Brothers in Arms


You were on level 4 of the Realm of Zot.
You worshipped Trog.
Trog was exalted by your worship.
You visited 9 branches of the dungeon, and saw 46 of its levels.
You visited the Abyss 2 times.
You also visited: Ossuary and Desolation.

You collected 10007 gold pieces.
You spent 5294 gold pieces at shops.

Inventory:

Hand Weapons
 a - the +9 executioner's axe of Bodily Harmony (weapon) {flame, Will+ Str+5}
   (Trog gifted it to you on level 4 of the Swamp)

   Str:       It affects your strength (+5).
   Will:      It increases your willpower.
 b - the +3 greatsling "Punk" {acid, rCorr}
   (You found it on level 3 of the Elven Halls)

   rCorr:     It protects you from acid and corrosion.
 w - a +9 antimagic battleaxe
Missiles
 f - 12 javelins
 n - 8 silver javelins
 x - 13 boomerangs (quivered)
 I - 6 boomerangs of dispersal
 P - 7 curare-tipped darts
Armour
 i - a +2 hat of intelligence (worn)
 r - a +0 pair of gloves of hurling (worn)
 M - a +2 pair of boots of flying (worn)
 S - a +2 cloak of preservation (worn)
 Y - +11 gold dragon scales (worn)
Jewellery
 e - the ring of Tacuuvve (right hand) {rF+ rC+ Slay+2}
   (You took it off a deep elf blademaster on level 3 of the Elven Halls)

   [ring of protection from fire]

   Slay:      It affects your accuracy & damage with ranged weapons and melee
   (+2).
   rF:        It protects you from fire.
   rC:        It protects you from cold.
 h - the ring "Ydaorush" (left hand) {+Blink Will+++ MP+9 Int-2 Stlth+, =R}
   (You found it on level 3 of the Depths)

   [ring of magical power]

   Int:       It affects your intelligence (-2).
   MP:        It affects your magic capacity (+9).
   +Blink:    It lets you blink.
   Will:      It greatly increases your willpower.
   Stlth:     It makes you more stealthy.
 o - a ring of see invisible
 D - the ring "Denam" {rN++ MP+9 Int+5 Dex-4}
   (You found it on level 12 of the Dungeon)

   [ring of magical power]

   Int:       It affects your intelligence (+5).
   Dex:       It affects your dexterity (-4).
   rN:        It greatly protects you from negative energy.
   MP:        It affects your magic capacity (+9).
 G - the ring "Ackigyddarch" {rF+++ rCorr Int+6 Dex-5 Stlth+}
   (You found it on level 12 of the Dungeon)

   [ring of intelligence]

   Int:       It affects your intelligence (+6).
   Dex:       It affects your dexterity (-5).
   rF:        It renders you almost immune to fire.
   rCorr:     It protects you from acid and corrosion.
   Stlth:     It makes you more stealthy.
 Q - the amulet of Tarec Zonimp {Spirit -Tele +Inv Will+++ Dex-2}
   (You took it off a draconian annihilator on level 3 of the Realm of Zot)

   [amulet of guardian spirit]

   It causes incoming damage to be divided between your reserves of health and
   magic.
   Dex:       It affects your dexterity (-2).
   +Inv:      It lets you turn invisible.
   -Tele:     It prevents most forms of teleportation.
   Will:      It greatly increases your willpower.
 X - the amulet "Nastraffi" (around neck) {Spirit +Blink}
   (You found it on level 11 of the Dungeon)

   [amulet of guardian spirit]

   It causes incoming damage to be divided between your reserves of health and
   magic.
   +Blink:    It lets you blink.
Wands
 m - a wand of light (12)
 y - a wand of paralysis (72)
 K - a wand of iceblast (36)
 O - a wand of digging (27)
Scrolls
 c - 5 scrolls of enchant weapon
 l - 9 scrolls of teleportation
 q - a scroll of revelation
 s - 10 scrolls of immolation
 A - 2 scrolls of butterflies
 F - 3 scrolls of blinking
 H - 12 scrolls of fear
 L - 3 scrolls of poison
 N - 5 scrolls of silence
 T - 3 scrolls of enchant armour
 W - 2 scrolls of fog
Potions
 d - 13 potions of lignification
 g - 28 potions of curing
 j - 7 potions of berserk rage
 k - 14 potions of mutation
 p - 11 potions of enlightenment
 t - 4 potions of resistance
 u - 8 potions of haste
 C - 3 potions of invisibility
 E - 7 potions of heal wounds
 J - 7 potions of attraction
 R - 7 potions of might
 V - 4 potions of cancellation
 Z - 3 potions of ambrosia
Miscellaneous
 v - a condenser vane
 z - a phantom mirror
 B - a sack of spiders
 U - a phial of floods


   Skills:
 O Level 27 Fighting
 - Level 24.0 Axes
 * Level 5.2 Ranged Weapons
 - Level 20.0 Throwing
 + Level 22.8 Armour
 + Level 17.1 Dodging
 - Level 12.0 Stealth
 - Level 18.0 Evocations


You had 24 spell levels left.
You didn't know any spells.
Your spell library was empty.

Dungeon Overview and Level Annotations

Branches:
Dungeon (15/15)            Temple (0/1) D:7            Lair (5/5) D:8
  Swamp (4/4) Lair:3        Snake (4/4) Lair:3        Slime (0/5) Lair:5
    Orc (2/2) D:9             Elf (3/3) Orc:2        Vaults (4/5) D:14
  Crypt (0/3) Vaults:3     Depths (4/4) D:15            Zot (5/5) Depths:4
Ossuary (visited)         Desolation (visited)

Altars:
Cheibriados
Elyvilon
Gozag
Kikubaaqudgha
Qazlal
Ru
Sif Muna
Trog
Uskayaw
Yredelemnul
The Shining One
Lugonu

Shops:
D:3 :   D:11 :   D:15 :   Orc:2 [![*=   Elf:2 [?*   Snake:2 ::=   Vaults:2 *
Vaults:4 *   Depths:2 !

Portals:
Hell: Depths:1 Depths:2 Depths:3 Depths:4
Abyss: Lair:5 Depths:1 Depths:2 Depths:3 Depths:4
Pandemonium: Depths:1 Depths:2 Depths:3
Ziggurat: Depths:1
Trove: D:15 (give +4 storm dragon scales)

Annotations:
Vaults:2 3 runed translucent doors, Sojobo
Zot:2 2 transporters, exclusion: 2 orange crystal statues, Goplog's ghost, master TeAE; Oriecen's ghost, master DsEE


Innate Abilities, Weirdness & Mutations

You have a pair of horns on your head.
You reflexively headbutt those who attack you in melee.
Potions are less effective at restoring your health.


Message History

Throw: 8 darts (curare)
Press: ? - help, Shift-Dir - straight line, f - Orb Guardian
Aim: an Orb Guardian (72% to hit)
You throw a curare-tipped dart.
The curare-tipped dart hits the Orb Guardian.
The Orb Guardian is poisoned.
The Orb Guardian convulses.
The Orb Guardian seems to slow down.
The Orb Guardian is lightly wounded.
The Orb Guardian barely misses you.
The quicksilver dragon closely misses you. x2
You blink.
The quicksilver dragon breathes dispelling energy at you.
The bolt of dispelling energy hits you but does no damage.
Your magical effects are unravelling.
The Orb Guardian hits you!
* * * LOW HITPOINT WARNING * * *
Aiming: Paralyse
Press: ? - help, Shift-Dir - straight line, f - quicksilver dragon, p - Orb Guardian
Aim: a quicksilver dragon (lightly wounded, chance to affect: 2%)
Okay, then.
Okay, then.
Okay, then.
Unknown command.
Okay, then.
Okay, then.
You miss the Orb Guardian.
You headbutt the Orb Guardian, but do no damage.
The Orb Guardian is lightly wounded.
You feel yourself speed up.
The quicksilver dragon breathes dispelling energy at you.
The bolt of dispelling energy hits you!!
* * * LOW HITPOINT WARNING * * *
The Orb Guardian hits you!
* * * LOW HITPOINT WARNING * * *
Blink to where?
Press: ? - help, Dir - move target, p - Orb Guardian
As you read the scroll of blinking, it crumbles to dust.
The quicksilver dragon breathes dispelling energy at you.
The bolt of dispelling energy hits you!!
You die...

##..##.......# ##.....
##..##........######## #......
##....................###########
#.)...................#..........
...>.?.....######...#.'..........
.....##.....# #...###..........
....###.....#####...###...#####..
#..###................#...# #..
..###..###......@.....#...# #..
.###..###......########...# #[.
###..###........# #####...# ###
##..###.........###....?..#
#....§[...........#.......#
......(...........#.?.....#
.......X.D....#####...#####
#....##.§.......###...#
##..##..........>.#...#


You could see a quicksilver dragon (catching breath).

Vanquished Creatures
  A dread lich (Depths:4)
  An ancient lich (Depths:4)
  An orb of fire (Zot:4)
  3 juggernauts
  Vv (Zot:3)
  Parghit (Depths:4)
  Saint Roka (Depths:3)
  The ghost of Ziugimmo the Tortoise, a veteran AtMo of Elyvilon (Vaults:4)
  3 curse toes
  13 golden dragons
  A bone dragon (Depths:4)
  The ghost of Cujuar the Cloud Mage, an adept DrCj of Vehumet (Depths:4)
  18 tentacled monstrosities
  2 electric golems
  5 liches
  7 Orb Guardians (Zot:5)
  3 deep elf blademasters
  4 titans
  2 deep elf master archers (Elf:3)
  6 quicksilver dragons
  A walking frostbound tome (Depths:3)
  6 tentacled starspawn
  7 sphinxes
  Gastronok (D:8)
  6 death cobs
  An ancient champion (Depths:3)
  5 tengu reavers
  3 thorn hunters
  Kirke (Snake:1)
  Roxanne (Snake:1)
  13 storm dragons
  A fenstrider witch (Swamp:4)
  6 shadow dragons
  4 draconian knights
  2 draconian monks
  4 nagarajas
  16 vault wardens
  11 frost giants
  3 balrugs
  An imperial myrmidon (Desolation)
  2 iron dragons (Depths:3)
  5 deep elf sorcerers
  2 draconian shifters
  13 fire giants
  A ghoul (Vaults:3)
  9 draconian scorchers
  Louise (D:15)
  2 ghost moths
  5 deep elf elementalists (Elf:3)
  6 draconian annihilators
  4 orc warlords
  9 very ugly things
  3 formless jellyfish
  4 war gargoyles
  20 ironbound preservers
  16 stone giants
  3 draconian stormcallers
  3 spriggan defenders
  6 green draconians
  10 ironbound thunderhulks
  3 deep elf annihilators
  3 vampire knights (Depths:3)
  4 purple draconians
  6 deep elf demonologists (Elf:3)
  5 eleionomae
  6 bunyips
  11 black draconians
  10 yellow draconians
  11 red draconians
  The ghost of Newt the Mimic, a journeyman DrSh of Hepliaklqana (Lair:2)
  A dire elephant (D:15)
  2 halazid warlocks (Desolation)
  7 spark wasps (Depths:1)
  9 white draconians
  The ghost of bahustanut the Martial Artist, a journeyman DsGl of Gozag (D:12)
  19 fire dragons
  3 ettins
  An eidolon (Abyss:2)
  7 crystal guardians
  5 deep elf death magi
  3 ragged hierophants (Desolation)
  A shambling mangrove (Swamp:4)
  8 yaktaur captains
  Fannar (D:10)
  4 deep elf high priests
  14 great orbs of eyes
  13 ice dragons
  6 rakshasas
  4 salamander tyrants
  A hell beast (Depths:2)
  The ghost of Olagoem the Summoner, a journeyman BaIE of the Shining One (Orc:1)
  9 servants of whispers (Desolation)
  17 hydras
  The ghost of AwFulAwFulPlayer the Fighter, a journeyman DsCK of Xom (Orc:2)
  13 peacekeepers
  3 ghost crabs
  13 vault guards
  6 spriggan air magi
  5 ironbound frosthearts
  Erica (D:8)
  12 anacondas
  8 centaur warriors
  34 dancing weapons
  6 two-headed ogres
  4 alligators
  2 death knights
  5 death yaks (Lair:2)
  7 deep troll shamans
  The ghost of freelancePsychic the Slicer, a journeyman DEFi of Vehumet (D:10)
  8 tengu warriors
  A satyr (shapeshifter) (Depths:4)
  9 boulder beetles
  7 shock serpents
  10 thrashing horrors
  7 orc high priests
  19 naga warriors
  5 spriggan berserkers
  3 deep troll earth magi
  2 soul eaters
  20 deep elf knights
  8 naga sharpshooters
  Urug (Lair:2)
  13 sun demons
  A shock serpent (shapeshifter) (Depths:3)
  A titan skeleton (Vaults:2)
  Amaemon (Lair:2)
  5 wretched stars
  2 sixfirhies
  4 hell knights
  54 deep trolls
  3 skeletal warriors
  3 spriggan druids
  5 goliath frogs
  7 glowing orange brains
  3 flayed ghosts
  3 salamander mystics
  15 swamp dragons
  Pikel (D:8)
  13 deep elf archers
  A tengu zombie (Vaults:2)
  14 wizards
  5 naga ritualists
  12 lindwurms
  11 orc knights
  An orange crystal statue (Depths:1)
  An obsidian statue (Vaults:4)
  6 bog bodies
  3 harpies (Vaults:2)
  26 ironbound convokers
  4 phantasmal warriors
  6 mana vipers
  5 necromancers
  28 deep elf pyromancers
  37 deep elf zephyrmancers
  35 ugly things
  6 cyclopes
  An oklob plant (Lair:5)
  A tengu skeleton (Vaults:4)
  A glowing shapeshifter (Depths:4)
  9 orc sorcerers
  4 will-o-the-wisps
  A worldbinder (Abyss:3)
  26 salamanders
  18 moths of wrath
  A shining eye (Depths:2)
  13 elephants
  3 manticores
  14 vault sentinels
  12 guardian serpents
  A black mamba (shapeshifter) (Lair:5)
  Maurice (D:8)
  A stone giant skeleton (Vaults:4)
  4 smoke demons
  A gargoyle (D:14)
  18 naga magi
  36 black mambas
  A rust devil (Abyss:3)
  12 cane toads
  An eye of devastation (Depths:2)
  A molten gargoyle (Desolation)
  An orange demon (Lair:2)
  An apocalypse crab (Abyss:3)
  A human zombie (Vaults:2)
  A torpor snail (Lair:3)
  8 komodo dragons
  Maggie (D:8)
  5 rime drakes
  8 large abominations
  3 freezing wraiths
  An efreet (D:14)
  An unseen horror (D:13)
  A hellion (Depths:2)
  3 tengu conjurers
  20 yaktaurs
  A tormentor (Abyss:3)
  2 kobold demonologists (D:13)
  7 trolls
  4 ancient zymes (Abyss:3)
  3 bloated husks
  A merfolk (shapeshifter) (Depths:3)
  11 hornets
  10 tyrant leeches
  9 raiju
  66 saltlings (Desolation)
  23 blink frogs
  5 dream sheep (Lair:3)
  4 polar bears
  A blink frog (shapeshifter) (Depths:4)
  An iron dragon simulacrum (Vaults:4)
  22 slime creatures
  3 air elementals
  Sigmund (D:6)
  A culicivora (shapeshifter) (Vaults:1)
  An elf simulacrum (Vaults:2)
  4 ynoxinuls
  A centaur simulacrum (D:14)
  6 wraiths
  4 wyverns
  A vampire (Abyss:3)
  55 yaks
  7 fire elementals
  2 water elementals (Elf:1)
  15 spriggans
  3 shadows
  14 small abominations
  7 hogs (Snake:1)
  6 basilisks
  A chaos spawn (Abyss:2)
  A neqoxec (D:12)
  2 steam dragons
  5 vampire mosquitoes
  Edmund (D:6)
  21 swamp worms
  Menkaure (D:6)
  8 wargs
  A harpy simulacrum (D:15)
  42 nagas
  An acid dragon (Zot:2)
  20 water moccasins
  41 orc warriors
  2 glowing shapeshifter skeletons
  Duvessa (D:6)
  An ice beast (D:5)
  An ogre skeleton (Vaults:3)
  6 swamp drakes
  A black bear (D:6)
  2 sky beasts
  6 ogres
  5 boggarts
  20 wolves
  9 centaurs
  A lemure (D:8)
  4 kobold brigands
  7 bullfrogs
  5 scorpions (D:5)
  2 human skeletons
  2 glowing shapeshifter simulacra
  3 water moccasin zombies (Ossuary)
  3 earth elementals
  A gnoll sergeant (D:5)
  10 wights
  Dowan (D:6)
  9 killer bees (D:9)
  The ghost of porpoise the Ruffian, a weakling DrSh (D:3)
  4 howler monkeys
  3 vampire bats (D:7)
  5 electric eels
  3 lava snakes (Lair:3)
  A quasit (D:12)
  A gnoll bouda (D:7)
  4 hounds
  26 orc priests
  Crazy Yiuf (D:2)
  An iron imp (Abyss:2)
  11 starcursed masses (Abyss:3)
  2 iguanas
  17 orc wizards
  2 mummies (Ossuary)
  13 gnolls
  13 adders
  A shadow imp (D:7)
  17 white imps
  7 ufetubi
  6 adder zombies (Ossuary)
  2 dart slugs (D:4)
  78 orcs
  4 bat skeletons (D:7)
  3 bat zombies (D:7)
  7 endoplasms
  4 gnoll zombies (Ossuary)
  6 goblins
  9 hobgoblins
  7 jackals
  30 kobolds
  4 quokkas
  10 ball pythons
  12 bats
  5 frilled lizards
  2 hobgoblin zombies (Ossuary)
  3 kobold zombies (Ossuary)
  9 orc zombies (Ossuary)
  10 rats
  A lurking horror (Abyss:3)
  6 starspawn tentacles
2180 creatures vanquished.

Vanquished Creatures (collateral kills)
  Rupert (Orc:2)
  2 salamanders (Snake:3)
  A shining eye (Depths:2)
  2 neqoxecs (D:12)
  A naga (Snake:3)
  A swamp worm (Swamp:1)
  4 orc warriors (Orc:2)
  An ogre (Orc:2)
  2 quasits (D:12)
  2 orc priests (Orc:2)
  An orc wizard (Orc:2)
  6 orcs (Orc:2)
24 creatures vanquished.

Vanquished Creatures (others)
  An electric golem (Zot:5)
  A ghost moth (Zot:5)
  A draconian scorcher (Zot:2)
  A draconian stormcaller (Zot:5)
  An eleionoma (Swamp:4)
  4 red draconians (Zot:5)
  A ragged hierophant (Desolation)
  2 deep elf knights (Elf:1)
  2 naga magi (Snake:4)
  A spriggan (Swamp:1)
  A swamp worm (Swamp:3)
  An orc warrior (Depths:3)
  A swamp drake (Swamp:3)
  3 orc wizards
  An orc (D:8)
  4 foxfires
  13 starspawn tentacles
39 creatures vanquished.

Grand Total: 2243 creatures vanquished

Notes
Turn   | Place    | Note
-------+----------+-------------------------------------------
     0 | D:1      | juan097 the Minotaur Berserker began the quest for the Orb.
     0 | D:1      | Reached XP level 1. HP: 19/19 MP: 0/0
   109 | D:1      | Reached XP level 2. HP: 27/27 MP: 1/1
   113 | D:1      | Reached skill level 4 in Fighting
   327 | D:1      | Reached ** piety under Trog
   432 | D:1      | Reached XP level 3. HP: 33/33 MP: 2/2
   720 | D:2      | Reached skill level 1 in Stealth
  1044 | D:2      | Reached XP level 4. HP: 34/41 MP: 3/3
  1278 | D:2      | Identified the +0 pair of boots "Sacautat" {rCorr}
  1676 | D:2      | Found a runed translucent door.
  1677 | D:2      | Noticed Crazy Yiuf
  1682 | D:2      | Killed Crazy Yiuf
  1683 | D:2      | Reached skill level 5 in Fighting
  1739 | D:3      | Reached skill level 5 in Axes
  1830 | D:3      | Noticed a walking frostbound tome
  1832 | D:3      | Found Vogoul's Book Boutique.
  1838 | D:3      | Noticed a walking frostbound tome
  1937 | D:3      | Found a hide-covered altar of Uskayaw.
  2058 | D:3      | Found a runed translucent gate.
  2058 | D:3      | Found a runed translucent gate.
  2058 | D:3      | Identified the +10 hand axe "Putuov" {holy, Str+3 Int+3
                  | Stlth+}
  2058 | D:3      | Noticed porpoise's ghost (weakling DrSh)
  2061 | D:3      | Found a runed translucent gate.
  2156 | D:3      | You fall into a shaft and drop 1 floor!
  2174 | D:4      | Reached *** piety under Trog
  2175 | D:4      | Reached XP level 5. HP: 48/48 MP: 4/4
  2461 | D:4      | Reached XP level 6. HP: 50/57 MP: 5/5
  2605 | D:4      | Reached skill level 6 in Fighting
  2992 | D:5      | Entered Level 5 of the Dungeon
  2994 | D:5      | Found a shimmering blue altar of Sif Muna.
  3014 | D:5      | Found a sand-covered staircase.
  3071 | Ossuary  | Entered an ossuary
  3095 | Ossuary  | Reached XP level 7. HP: 51/63 MP: 6/6
  3180 | Ossuary  | Reached skill level 1 in Throwing
  3218 | Ossuary  | Reached **** piety under Trog
  3585 | D:5      | Reached XP level 8. HP: 70/70 MP: 7/7
  3872 | D:5      | Found a glowing golden altar of the Shining One.
  4043 | D:6      | Noticed Duvessa
  4043 | D:6      | Noticed Dowan
  4053 | D:6      | Killed Duvessa
  4072 | D:6      | Killed Dowan
  4095 | D:6      | Noticed Sigmund
  4097 | D:6      | Reached skill level 10 in Axes
  4158 | D:6      | Reached ***** piety under Trog
  4208 | D:6      | Killed Sigmund
  4275 | D:6      | Noticed Menkaure
  4289 | D:5      | Reached XP level 9. HP: 78/78 MP: 8/8
  4301 | D:6      | Killed Menkaure
  4665 | D:6      | Noticed Edmund
  4680 | D:6      | Killed Edmund
  4814 | D:6      | Reached skill level 7 in Fighting
  4985 | D:7      | Found a staircase to the Ecumenical Temple.
  5054 | D:7      | Found an ancient bone altar of Kikubaaqudgha.
  5150 | D:7      | Reached skill level 5 in Armour
  5702 | D:8      | Noticed a troll
  5707 | D:8      | Killed a troll
  5708 | D:8      | Reached skill level 1 in Evocations
  5849 | D:3      | Identified the +2 leather armour of Omission {*Corrode rC++
                  | Str+5}
  6265 | D:3      | Killed porpoise's ghost
  6578 | D:8      | Found a staircase to the Lair.
  6585 | D:8      | Noticed Maggie
  6596 | D:8      | Reached skill level 8 in Fighting
  6606 | D:8      | Killed Maggie
  6774 | D:8      | Reached XP level 10. HP: 76/90 MP: 9/9
  6841 | D:8      | Paralysed by an orc priest for 3 turns
  6920 | D:8      | Received a gift from Trog
  6947 | D:8      | Noticed Erica
  6959 | D:8      | Killed Erica
  6960 | D:8      | Reached skill level 9 in Fighting
  7135 | D:8      | Noticed a two-headed ogre
  7248 | D:8      | Noticed Gastronok
  7288 | D:8      | Killed Gastronok
  7289 | D:8      | Reached skill level 10 in Fighting
  7515 | D:8      | Noticed Pikel
  7529 | D:8      | Killed Pikel
  7679 | D:8      | Noticed Maurice
  7691 | D:8      | Killed Maurice
  7786 | Lair:1   | Entered Level 1 of the Lair of Beasts
  7947 | Lair:1   | Noticed an elephant
  8030 | Lair:1   | You fall into a shaft and drop 1 floor!
  8030 | Lair:2   | Noticed Urug
  8045 | Lair:2   | Reached XP level 11. HP: 68/99 MP: 10/10
  8419 | Lair:1   | Reached skill level 15 in Axes
  9129 | Lair:2   | Noticed a death yak
  9129 | Lair:2   | Noticed a death yak
  9130 | Lair:2   | Noticed a death yak
  9175 | Lair:2   | Noticed a death yak
  9204 | Lair:2   | Killed a death yak
  9269 | Lair:2   | Killed Urug
  9602 | Lair:2   | Noticed a death yak
  9666 | Lair:2   | Killed a death yak
  9667 | Lair:2   | Reached skill level 5 in Dodging
  9696 | Lair:2   | Noticed a six-headed hydra
  9708 | Lair:2   | Reached skill level 5 in Throwing
  9723 | Lair:2   | Noticed a four-headed hydra
  9727 | Lair:2   | Noticed Newt's ghost (journeyman DrSh)
  9988 | Lair:1   | Reached XP level 12. HP: 98/108 MP: 11/11
 10127 | D:9      | Reached skill level 5 in Evocations
 10131 | D:9      | Noticed a two-headed ogre
 10138 | D:9      | Killed a two-headed ogre
 10299 | D:9      | Found a staircase to the Orcish Mines.
 10703 | Orc:1    | Entered Level 1 of the Orcish Mines
 10705 | Orc:1    | Noticed an orc warlord
 10716 | Orc:1    | Killed an orc warlord
 10717 | Orc:1    | Reached skill level 11 in Fighting
 10728 | Orc:1    | Received a gift from Trog
 11029 | Orc:2    | Entered Level 2 of the Orcish Mines
 11127 | Orc:2    | Noticed an orc high priest
 11128 | Orc:2    | Noticed Rupert
 11270 | Orc:2    | Killed an orc high priest
 11312 | Orc:2    | Killed Rupert
 11486 | Orc:2    | Found Juj Bipe's Antique Armour Shop.
 11547 | Orc:1    | Found a runed translucent door.
 11550 | Orc:1    | Noticed Olagoem's ghost (journeyman BaIE)
 11563 | Orc:1    | Noticed an orc high priest
 12025 | Orc:2    | Reached XP level 13. HP: 105/117 MP: 12/12
 12201 | Orc:2    | Found a large runed translucent door.
 12202 | Orc:2    | Found a large runed translucent door.
 12205 | Orc:2    | Noticed AwFulAwFulPlayer's ghost (journeyman DsCK)
 12404 | Orc:2    | Found a staircase to the Elven Halls.
 12528 | Orc:2    | Paralysed by an orc sorcerer for 4 turns
 12811 | Orc:2    | Reached skill level 12 in Fighting
 13300 | Orc:2    | Found Egek's Armour Shop.
 13300 | Orc:2    | Found Estrint's Distillery.
 13302 | Orc:2    | Found Kuacior's Jewellery Shop.
 13302 | Orc:2    | Found Keyn's Assorted Antiques.
 13312 | Orc:2    | Bought a viscous clear potion for 33 gold pieces
 13312 | Orc:2    | Bought a scroll labelled IMOORU POIHOMU for 37 gold pieces
 13314 | Orc:2    | Bought a potion of curing for 33 gold pieces
 13314 | Orc:2    | Bought a potion of degeneration for 11 gold pieces
 13314 | Orc:2    | Bought a potion of heal wounds for 55 gold pieces
 13314 | Orc:2    | Bought a potion of invisibility for 88 gold pieces
 13431 | Orc:2    | Killed AwFulAwFulPlayer's ghost
 13562 | Orc:1    | Killed Olagoem's ghost
 13562 | Orc:1    | Received a gift from Trog
 13749 | Orc:2    | Bought a scroll of blinking for 277 gold pieces
 13778 | Orc:2    | Bought an embroidered cloak for 195 gold pieces
 13794 | Orc:2    | Bought a distressingly furry chain mail for 247 gold pieces
 13794 | Orc:2    | Identified the +4 chain mail "Ceuhazun" {rPois} (You bought
                  | it in a shop on level 2 of the Orcish Mines)
 13845 | Orc:2    | Bought a +2 pair of boots of flying for 365 gold pieces
 14134 | Lair:2   | Identified the +0 robe of Fuitoxit {Contam Fly Will+ rCorr}
 14187 | Lair:2   | Noticed Amaemon
 14214 | Lair:2   | Killed Amaemon
 14215 | Lair:2   | Reached skill level 10 in Armour
 14337 | Lair:2   | Found a runed translucent gate.
 14401 | Lair:2   | Found a runed translucent gate.
 14408 | Lair:2   | Found a runed translucent gate.
 14699 | Lair:3   | Found a staircase to the Swamp.
 15236 | Lair:3   | Found a staircase to the Snake Pit.
 15662 | Lair:4   | Reached skill level 13 in Fighting
 15724 | Lair:4   | Identified the +0 chain mail of the Skiapode {-Tele rElec
                  | Will+}
 15964 | Lair:4   | Identified the +5 plate armour "Qagedu" {rPois Will- SInv}
 16066 | Lair:4   | Reached XP level 14. HP: 85/129 MP: 13/13
 16617 | Lair:5   | Entered Level 5 of the Lair of Beasts
 16962 | Lair:5   | Found a staircase to the Slime Pits.
 16978 | Lair:5   | Reached ****** piety under Trog
 17457 | Lair:5   | Reached skill level 14 in Fighting
 17636 | Lair:5   | Received a gift from Trog
 17936 | Lair:5   | Found a corrupted altar of Lugonu.
 17936 | Lair:5   | Found a one-way gate to the infinite horrors of the Abyss.
 18807 | Lair:2   | Killed Newt's ghost
 18989 | D:10     | Entered Level 10 of the Dungeon
 19043 | D:10     | Found a runed translucent door.
 19047 | D:10     | Noticed freelancePsychic's ghost (journeyman DEFi)
 19047 | D:10     | Identified the +9 trident of the Shore {flame, Str+2}
 19128 | D:10     | Found a bloodstained altar of Trog.
 19453 | D:10     | Found a white marble altar of Elyvilon.
 19489 | D:10     | Noticed Fannar
 19508 | D:10     | Killed Fannar
 19779 | D:10     | Killed freelancePsychic's ghost
 19959 | D:11     | Found a snail-covered altar of Cheibriados.
 20002 | D:11     | Identified the amulet "Nastraffi" {Spirit +Blink}
 20081 | D:11     | Reached XP level 15. HP: 139/139 MP: 14/14
 20244 | D:11     | Found Biyteuq's Book Shoppe.
 20453 | D:11     | Received a gift from Trog
 20943 | D:12     | Found a transporter.
 20952 | D:12     | Noticed bahustanut's ghost (journeyman DsGl)
 20958 | D:12     | Found a transporter.
 21165 | D:12     | Found a transporter.
 21278 | D:12     | Found a transporter.
 21558 | D:12     | Killed bahustanut's ghost
 21564 | D:12     | Got the ring "Ackigyddarch" {rF+++ rCorr Int+6 Dex-5
                  | Stlth+}
 22205 | D:13     | Found a bloodstained altar of Trog.
 22829 | D:14     | Reached skill level 15 in Fighting
 23376 | D:14     | Found a gate to the Vaults.
 23491 | D:14     | Identified the +3 battleaxe of Crusades {flame, Str+3}
                  | (Trog gifted it to you on level 14 of the Dungeon)
 23491 | D:14     | Received a gift from Trog
 23685 | D:15     | Entered Level 15 of the Dungeon
 23809 | D:15     | Identified a scroll of acquirement
 24367 | D:15     | Noticed Louise
 24385 | D:15     | Killed Louise
 24393 | D:15     | Found a portal to a secret trove of treasure.
 24418 | D:15     | Reached skill level 10 in Dodging
 24448 | D:15     | Found Jaasu's Book Emporium.
 24874 | D:15     | Found a staircase to the Depths.
 25146 | Swamp:1  | Entered Level 1 of the Swamp
 25164 | Swamp:1  | Reached XP level 16. HP: 127/149 MP: 11/15
 25168 | Swamp:1  | Reached skill level 10 in Throwing
 25575 | Swamp:1  | Reached skill level 10 in Evocations
 25753 | Swamp:1  | Acquired 1154 gold pieces
 26044 | Orc:2    | Bought a condenser vane for 1480 gold pieces
 26582 | Swamp:2  | Reached skill level 16 in Fighting
 26637 | Swamp:2  | You are sucked into a shaft and drop 1 floor!
 27053 | Swamp:2  | Received a gift from Trog
 27154 | Swamp:2  | Acquired a manual of Throwing
 27448 | Swamp:3  | Reached skill level 15 in Armour
 27907 | Swamp:4  | Entered Level 4 of the Swamp
 27927 | Swamp:4  | Noticed a thorn hunter
 27942 | Swamp:3  | Killed a thorn hunter
 28018 | Swamp:4  | Noticed a thorn hunter
 28027 | Swamp:4  | Killed a thorn hunter
 28934 | Swamp:4  | Reached XP level 17. HP: 154/158 MP: 16/16
 29131 | Swamp:4  | Got a decaying rune of Zot
 29318 | Swamp:4  | Identified the +9 executioner's axe of Bodily Harmony
                  | {flame, Will+ Str+5} (Trog gifted it to you on level 4 of
                  | the Swamp)
 29318 | Swamp:4  | Received a gift from Trog
 29556 | Snake:1  | Entered Level 1 of the Snake Pit
 29619 | Snake:1  | Found a basalt altar of Yredelemnul.
 29759 | Snake:1  | Noticed Kirke
 29771 | Snake:1  | Killed Kirke
 30212 | Snake:1  | Noticed Roxanne
 30270 | Snake:1  | Killed Roxanne
 30424 | Snake:1  | You are sucked into a shaft and drop 1 floor!
 30844 | Snake:2  | Found Datatad's Book Shoppe.
 30845 | Snake:2  | Found Hahurch's Jewellery Shop.
 30846 | Snake:2  | Found Luruumn's Book Shoppe.
 32413 | Snake:3  | Found a shimmering blue altar of Sif Muna.
 32509 | Snake:3  | Received a gift from Trog
 33129 | Snake:3  | Reached skill level 17 in Fighting
 34196 | Snake:4  | Entered Level 4 of the Snake Pit
 34211 | Snake:4  | Received a gift from Trog
 34398 | Snake:4  | Reached XP level 18. HP: 151/170 MP: 14/17
 35848 | Snake:4  | Received a gift from Trog
 36704 | Snake:4  | Got a serpentine rune of Zot
 37302 | D:12     | Identified the ring "Denam" {rN++ MP+9 Int+5 Dex-4}
 37412 | Vaults:1 | Entered Level 1 of the Vaults
 37912 | Vaults:1 | Reached skill level 18 in Fighting
 38120 | Vaults:1 | Received a gift from Trog
 39140 | Vaults:2 | Reached XP level 19. HP: 145/180 MP: 14/18
 39368 | Vaults:2 | Noticed Sojobo
 39392 | Vaults:2 | Paralysed by an air elemental for 1 turns
 39395 | Vaults:2 | Paralysed by an air elemental for 1 turns
 39397 | Vaults:2 | Paralysed by an air elemental for 1 turns
 39423 | Vaults:1 | Received a gift from Trog
 39424 | Vaults:1 | Reached skill level 15 in Throwing
 40317 | Vaults:2 | Paralysed by a formless jellyfish for 1 turns
 40403 | Vaults:2 | Found Leuwocot's Assorted Antiques.
 40411 | Vaults:2 | Bought a scroll of blinking for 315 gold pieces
 40411 | Vaults:2 | Bought a pair of brightly glowing gloves for 399 gold
                  | pieces
 40411 | Vaults:2 | Identified the +0 pair of gloves "Lelace" {rPois rF+ Dex-4}
                  | (You bought it in a shop on level 2 of the Vaults)
 40839 | Vaults:2 | Found a runed translucent gate.
 40839 | Vaults:2 | Found a runed translucent gate.
 40843 | Vaults:2 | Found a runed translucent gate.
 40844 | Vaults:2 | Paralysed by an air elemental for 1 turns
 40999 | Vaults:3 | Reached skill level 19 in Fighting
 41002 | Vaults:3 | Found a crumbling gateway.
 41022 | Desolati | Entered the Desolation of Salt
 41592 | Desolati | Received a gift from Trog
 41613 | Desolati | Reached skill level 5 in Stealth
 41659 | Desolati | Found the crystal ball of Wucad Mu {*channel}
 42305 | Desolati | Identified the +0 chain mail "Verenex" {Str+3}
 42591 | Vaults:3 | Received a gift from Trog
 42709 | Vaults:3 | Reached XP level 20. HP: 149/193 MP: 15/19
 42845 | Vaults:3 | Reached skill level 20 in Fighting
 43380 | Vaults:3 | You are sucked into a shaft and drop 1 floor!
 43737 | Vaults:3 | Received a gift from Trog
 44147 | Vaults:3 | Found a staircase to the Crypt.
 45169 | Vaults:4 | Noticed a golden dragon
 45267 | Vaults:4 | Found a runed translucent gate.
 45267 | Vaults:4 | Found a runed translucent gate.
 45267 | Vaults:4 | Found an opulent altar of Gozag.
 45267 | Vaults:4 | Found a runed translucent gate.
 45267 | Vaults:4 | Found Baulas's Assorted Antiques.
 45268 | Vaults:4 | Noticed Ziugimmo's ghost (veteran AtMo)
 45321 | Vaults:4 | Received a gift from Trog
 47110 | Vaults:4 | Killed Ziugimmo's ghost
 47111 | Vaults:4 | Reached XP level 21. HP: 203/203 MP: 20/20
 47179 | Vaults:4 | Bought a potion of heal wounds for 185 gold pieces
 47409 | Depths:1 | Entered Level 1 of the Depths
 47414 | Depths:1 | Received a gift from Trog
 47820 | Depths:1 | Found a runed translucent door.
 47974 | Depths:1 | Reached skill level 21 in Fighting
 48014 | Depths:1 | Found a one-way gateway to a ziggurat.
 49144 | Depths:1 | Found a stormy altar of Qazlal.
 49165 | Depths:1 | Identified the +2 ring mail of Lilacs {+Inv}
 49467 | Depths:1 | Found a one-way gate leading to the halls of Pandemonium.
 49504 | Depths:1 | Found a gateway to Hell.
 49722 | Depths:1 | Reached skill level 10 in Stealth
 49934 | Depths:2 | Received a gift from Trog
 50138 | Depths:2 | Gained mutation: Potions are less effective at restoring
                  | your health. [a shining eye]
 50155 | Depths:2 | Paralysed by a great orb of eyes for 2 turns
 50406 | Depths:2 | Noticed a golden dragon
 50442 | Depths:2 | Killed a golden dragon
 50448 | Depths:2 | Noticed a juggernaut
 50453 | Depths:2 | Killed a juggernaut
 50613 | Depths:2 | Received a gift from Trog
 50668 | Depths:2 | Reached skill level 22 in Fighting
 51157 | Depths:2 | Reached XP level 22. HP: 160/215 MP: 15/21
 51886 | Depths:2 | Found Vatosuha's Distillery.
 51890 | Abyss:2  | Cast into level 2 of the Abyss (a wizard)
 52238 | Abyss:2  | Received a gift from Trog
 52487 | Abyss:2  | Found a corrupted altar of Lugonu.
 52522 | Depths:2 | Escaped the Abyss
 52526 | Depths:2 | Bought a potion of heal wounds for 65 gold pieces
 52526 | Depths:2 | Bought a potion of heal wounds for 65 gold pieces
 52526 | Depths:2 | Bought a potion of resistance for 130 gold pieces
 52861 | Depths:3 | Identified the ring of Pyca {MP+9 EV+5}
 52914 | Depths:3 | Noticed a golden dragon
 52938 | Depths:3 | Killed a golden dragon
 53073 | Depths:3 | Paralysed by a great orb of eyes for 3 turns
 53181 | Depths:3 | Noticed Saint Roka
 53549 | Depths:3 | Reached skill level 15 in Dodging
 53561 | Depths:3 | Identified the +4 ring mail of Mental Paralysis {Rampage
                  | rPois rN+ Dex+2}
 53562 | Depths:3 | Identified the ring "Suuch" {Fire Dex+2}
 53889 | Depths:3 | Received a gift from Trog
 53890 | Depths:3 | Paralysed by an orc sorcerer for 3 turns
 53979 | Depths:3 | Killed Saint Roka
 54099 | Depths:3 | Noticed a golden dragon
 54106 | Depths:3 | Killed a golden dragon
 54263 | Depths:3 | Identified the ring "Ydaorush" {+Blink Will+++ MP+9 Int-2
                  | Stlth+}
 54469 | Depths:3 | Found a transporter.
 54616 | Depths:3 | Found a sacrificial altar of Ru.
 54679 | Depths:3 | Reached skill level 15 in Evocations
 54855 | Depths:3 | Noticed a juggernaut
 54866 | Depths:3 | Killed a juggernaut
 54867 | Depths:3 | Reached skill level 23 in Fighting
 54980 | Depths:3 | Found a transporter.
 54993 | Depths:3 | Upgraded the game from 0.31-a0-360-gb3e1d13bf4 to
                  | 0.31-a0-365-gcf821cafb2
 55013 | Depths:4 | Entered Level 4 of the Depths
 55045 | Depths:4 | Noticed Parghit
 55064 | Depths:4 | Killed Parghit
 55293 | Depths:4 | Noticed a juggernaut
 55298 | Depths:4 | Received a gift from Trog
 55304 | Depths:4 | Killed a juggernaut
 55864 | Depths:4 | Noticed Cujuar's ghost (adept DrCj)
 55865 | Depths:4 | Found a runed translucent gate.
 55865 | Depths:4 | Found a runed translucent gate.
 55865 | Depths:4 | Found a runed translucent gate.
 56097 | Depths:4 | Reached XP level 23. HP: 226/227 MP: 22/22
 56267 | Depths:4 | Found a gate to the Realm of Zot.
 56391 | Depths:4 | Killed Cujuar's ghost
 56395 | Depths:4 | Identified the +5 whip of Shrinking Slow Death {flame,
                  | Contam rC+ Will++}
 56724 | Elf:1    | Entered Level 1 of the Elven Halls
 57008 | Elf:1    | Received a gift from Trog
 57810 | Elf:2    | Found Esionku's Magic Scroll Shop.
 58008 | Elf:2    | Bought a scroll of blinking for 97 gold pieces
 58008 | Elf:2    | Bought a scroll of enchant armour for 97 gold pieces
 58037 | Elf:2    | Found Ciant's General Store.
 58142 | Elf:2    | Received a gift from Trog
 58169 | Elf:2    | Reached skill level 24 in Fighting
 58182 | Elf:2    | Found Ununyc's Armour Shoppe.
 58482 | Elf:2    | Found a runed translucent gate.
 58482 | Elf:2    | Found a runed translucent gate.
 58482 | Elf:2    | Found a runed translucent gate.
 58919 | Elf:2    | Received a gift from Trog
 59235 | Abyss:3  | Cast into level 3 of the Abyss (+0 morningstar of
                  | distortion)
 59383 | Abyss:3  | Paralysed by accursed screaming for 1 turns
 59397 | Abyss:3  | Paralysed by accursed screaming for 1 turns
 59467 | Abyss:3  | Received a gift from Trog
 59486 | Abyss:3  | Paralysed by accursed screaming for 1 turns
 59519 | Abyss:3  | Got an abyssal rune of Zot
 59556 | Elf:2    | Escaped the Abyss
 60045 | Elf:2    | Reached skill level 25 in Fighting
 60180 | Elf:3    | Entered Level 3 of the Elven Halls
 60580 | Elf:3    | Paralysed by an air elemental for 1 turns
 60627 | Elf:3    | Reached XP level 24. HP: 243/243 MP: 22/22
 60670 | Elf:3    | Received a gift from Trog
 61056 | Elf:3    | Identified the +1 battleaxe "Adghaesk" {spect, *Corrode
                  | +Blink rPois}
 61340 | Elf:3    | Found the +3 greatsling "Punk" {acid, rCorr}
 61365 | Elf:3    | Identified the +6 sling of Xutyrepsyni {freeze, MP+9}
 61366 | Elf:3    | Identified the staff "Imoof" {Fragile Fly rPois rC+ SInv
                  | Ice}
 61392 | Elf:3    | Identified the ring of Tacuuvve {rF+ rC+ Slay+2}
 61900 | Zot:1    | Entered Level 1 of the Realm of Zot
 61964 | Zot:1    | Noticed a dread lich
 62016 | Zot:1    | Noticed an ancient lich
 62044 | Depths:4 | Killed a dread lich
 62486 | Depths:4 | Killed an ancient lich
 62718 | Depths:4 | Reached skill level 26 in Fighting
 62923 | D:11     | Bought a manual of Throwing for 1120 gold pieces
 63772 | Zot:1    | Identified the +0 ring mail "Leakk" {Will+ Dex+6}
 64642 | Zot:2    | Identified the +3 battleaxe "Jafi" {flame, rCorr} (Trog
                  | gifted it to you on level 2 of the Realm of Zot)
 64642 | Zot:2    | Received a gift from Trog
 65111 | Zot:2    | Found a transporter.
 65131 | Zot:2    | Noticed an orb of fire
 65132 | Zot:2    | Found a transporter.
 65135 | Zot:2    | Noticed Goplog's ghost (master TeAE)
 65580 | Zot:2    | Reached skill level 27 in Fighting
 65915 | Zot:2    | Noticed Oriecen's ghost (master DsEE)
 66330 | Zot:3    | Noticed Vv
 66349 | Zot:3    | Killed Vv
 66886 | Zot:3    | Identified the amulet of Tarec Zonimp {Spirit -Tele +Inv
                  | Will+++ Dex-2}
 67134 | Zot:3    | Reached XP level 25. HP: 170/257 MP: 22/22
 67171 | Zot:3    | Acquired 1084 gold pieces
 67852 | Zot:3    | Identified the +8 dagger of Conscience {flame, Dex+2}
 68088 | Zot:4    | Noticed an orb of fire
 68102 | Zot:4    | Killed an orb of fire
 68488 | Zot:4    | Paralysed by a Zot trap for 2 turns
 69160 | Zot:4    | Reached skill level 1 in Ranged Weapons
 69544 | Zot:5    | Entered Level 5 of the Realm of Zot
 69871 | Zot:5    | Identified the +4 battleaxe of Severance {heavy, rC+} (Trog
                  | gifted it to you on level 5 of the Realm of Zot)
 69871 | Zot:5    | Received a gift from Trog
 70322 | Zot:5    | Noticed an orb of fire
 70521 | Zot:5    | Reached skill level 5 in Ranged Weapons
 70525 | Zot:5    | Noticed an orb of fire
 70529 | Zot:5    | Noticed a Killer Klown
 70542 | Zot:4    | HP: 6/257 [Orb Guardian (14)]
 70544 | Zot:4    | Killed from afar by a quicksilver dragon

Illustrated notes

Levels and vault maps discovered:
D:1:      lightli_iron_boxes, layout_basic
D:2:      minmay_inner_zag, layout_basic, uniq_crazy_yiuf_cottage
D:3:      layout_loops_ring, lemuel_round_altar, serial_shops,
          nicolae_shop_mannequins, biasface_ghost_orc_armoury,
          minmay_door_square
D:4:      layout_basic, hangedman_abyss_or_decor_lesser_grid
D:5:      old_forge, layout_basic, overflow_temple_1_default,
          nicolae_tso_carved_into_rock, nicolae_ossuary_entry_false_entrances
D:6:      layout_basic, nicolae_the_louvre, uniq_duvessa, uniq_menkaure,
          uniq_sigmund, uniq_edmund
D:7:      layout_loops_ring, kennysheep_vampire_church,
          minmay_temple_entry_fiery, wad_floor_pattern_1
D:8:      layout_rooms, lair_entry_dummy, uniq_gastronok, uniq_pikel,
          uniq_erica, uniq_maggie, uniq_maurice
D:9:      layout_roguey, orc_0_dummy, nicolae_two_hexagons
D:10:     layout_roguey, mainiacjoe_overflow_alcove_4,
          nicolae_elyvilon_temple_path, ebering_ghost_funeral_grove, uniq_fannar
D:11:     layout_loops_ring, serial_shops, shop, dk_noncrumbling_4, minivault_4,
          cheibriados_altar_1
D:12:     gammafunk_worm_tunnel, layout_loops_ring, gammafunk_ghost_stat_death
D:13:     layout_roguey, trog_ov_bears_minmay
D:14:     layout_long_grid, david_vaults_4, minmay_crystal_water
D:15:     hangedman_depths_entry_try_elsewhere_first, layout_stronghold,
          enter_trove_1, serial_shops, shop,
          nicolae_concentric_dashed_squares_wild, uniq_louise
Lair:1:   layout_concentric_octagons
Lair:2:   layout_misc_corridors, gammafunk_ghost_split, serial_bayou_shore_a,
          infiniplex_staircase_pool, uniq_amaemon, uniq_urug
Lair:3:   layout_big_grid, skrybe_swamp_entry_bodies,
          nicolae_snake_entry_warm_welcome, serial_bayou_shore_b,
          grunt_megastairs_2
Lair:4:   layout_cave_pods
Lair:5:   hellmonk_lair_end_abyssal_woods, layout_cave_pods,
          minmay_slime_entry_oklob_open, serial_bayou_shore_b
Swamp:1:  layout_basic_swamp, nicolae_swamp_fairy_circle
Swamp:2:  layout_basic_swamp, evilmike_swamp_ruin_house_4
Swamp:3:  layout_basic_swamp, evilmike_swamp_ruin_house_1
Swamp:4:  swamp, layout_basic_swamp
Snake:1:  layout_onion_interference, basic_altar, uniq_kirke, uniq_roxanne
Snake:2:  layout_basic, minmay_shop_grove, lemuel_fruit_tree,
          serial_bayou_shore_b
Snake:3:  layout_grid_maze, basic_altar, nicolae_snake_storage_room,
          grunt_megastairs_5
Snake:4:  snake_pit, layout_basic
Orc:1:    layout_caves, ebering_ghost_inner_flame, portal_ice_cave_entry_imps,
          david_defended_altar_orc
Orc:2:    grunt_orc_tribal_feast, layout_caves, serial_shops, shop,
          ebering_ghost_disaster_area, uniq_rupert
Elf:1:    minmay_elf_arrival_summoners, layout_geoelf_diagonals,
          hangedman_elf_disciples, grunt_megastairs_3
Elf:2:    nicolae_elf_blades_crystal_corner, layout_geoelf_octagon,
          serial_shops, shop, nicolae_shop_waterfront, shop
Elf:3:    elf_hall_gauntlet_narrow, layout_rooms
Vaults:1: nicolae_vaults_oval_intersection, ontoclasm_vaults_hangar,
          nicolae_vaults_sesquioval_fish, grunt_vaults_twisty,
          nicolae_vaults_trapezoid_lopsided_3, hangedman_vaults_slice,
          v_misc_29, nicolae_vaults_wrenched, dpeg_vaults_hating_casters,
          vaults_room_grid, v_misc_9, layout_vaults_omnibox
Vaults:2: gammafunk_ghost_cemetery, v_rooms_1, ontoclasm_vaults_decontamination,
          nicolae_vaults_tetromino_L_1, hangedman_vaults_stretched_pinwheel,
          v_alt_pattern_6, nicolae_vaults_closet_pinwheel_5,
          nicolae_vaults_closet_pinwheel_3, vaults_room_grid,
          nicolae_vaults_variable_pillar_hall, nicolae_vaults_trapezoid_layered,
          layout_vaults_big_room, serial_shops, nicolae_lakefront_shop,
          uniq_sojobo
Vaults:3: portal_desolation_entry_garden, nicolae_vaults_shipping_containers_2,
          ontoclasm_vaults_ring_small, minmay_crypt_entry_simple_round,
          nicolae_vaults_layer_cake_slice, nicolae_vaults_big_ls,
          grunt_vaults_hallway_long, v_misc_3, nicolae_vaults_closet_pinwheel_4,
          v_misc_29, nicolae_vaults_windows_and_doors_thing,
          nicolae_vaults_tetromino_Z_2, layout_vaults_big_cross
Vaults:4: ebering_ghost_gozag, v_misc_27, v_misc_17, hangedman_vaults_nodes,
          nicolae_vaults_specimen_jars, nicolae_vaults_border_crossing,
          ontoclasm_vaults_chip, v_misc_8, hangedman_vaults_locks,
          nicolae_vaults_closet_pinwheel_3,
          nicolae_vaults_offset_grid_hallway_2, vaults_mumra_chevron_long,
          layout_vaults_maze, serial_glass
Depths:1: regret_index_qazlal_generations, layout_long_grid, enter_ziggurat_d,
          rand_demon_pan_entry_9, abyss_entry, hell_entry, minmay_crystal_box
Depths:2: minmay_bad_star, layout_gridlike, abyss_entry,
          nicolae_hell_entry_hellmouth_sunbeams, nicolae_elevator_lobby_plus,
          pan_entry, serial_shops, shop
Depths:3: hangedman_spin_cycle, hell_entry, abyss_entry, pan_entry
Depths:4: grunt_zot_entry_pinwheel, layout_cave_shapes, abyss_entry_crystal,
          minmay_misc_feat_four_crosses, ebering_ghost_rock_garden, hell_entry,
          hangedman_decor_riveting, uniq_parghit
Zot:1:    hangedman_zot_vaults_quadrants, layout_cathedral_of_symmetry
Zot:2:    layout_gridville, nzn_ghost_randoct, st_small_dragon_hoard_3
Zot:3:    layout_basic, zot_minivault_1, uniq_vv
Zot:4:    kennysheep_blocky_hall, layout_onion
Zot:5:    layout_misc_corridors, nrook_zot_tub

Skill      XL: |  1  2  3  4  5  6  7  8  9 10 11 12 13 14 15 16 17 18 19 20 21 22 23 24 25 |
---------------+----------------------------------------------------------------------------+-----
Fighting       | 4 5 6 8 10 11 13 14 15 16 17 18 19 20 22 23 25 27 | 27.0
Axes           | 4 5 7 8 10 11 14 16 17 18 19 20 22 24 | 24.0
Stealth        | 1 2 3 4 6 9 10 12 | 12.0
Throwing       | 2 4 5 6 8 9 10 12 14 16 20 | 20.0
Armour         | 3 6 7 8 10 12 13 16 17 18 20 21 22 | 22.8
Dodging        | 3 4 5 7 8 10 11 12 13 14 15 16 17 | 17.1
Evocations     | 2 4 6 7 8 9 12 14 15 17 18 | 18.0
Ranged Weapons | 5 |  5.2

Action                     |  1- 3 |  4- 6 |  7- 9 | 10-12 | 13-15 | 16-18 | 19-21 | 22-24 | 25-27 || total
---------------------------+-------+-------+-------+-------+-------+-------+-------+-------+-------++-------
  Melee: Hand axe          |    52 |       |    41 |   417 |    57 |       |       |       |       ||   567
         Headbutt          |    10 |    17 |    57 |   106 |   224 |   225 |   289 |   312 |    58 ||  1298
         War axe           |    21 |   121 |   255 |       |       |       |       |       |       ||   397
         Punch             |       |     1 |     4 |    12 |     3 |       |       |       |       ||    20
         Battleaxe         |       |       |       |    25 |   938 |   354 |       |    13 |     8 ||  1338
         Executioner's axe |       |       |       |       |       |   642 |  1063 |  1276 |   213 ||  3194
   Fire: Sling             |    15 |    25 |    30 |    16 |       |       |       |       |       ||    86
         Greatsling        |       |       |       |       |       |       |       |    42 |    38 ||    80
  Throw: Dart              |       |     3 |     7 |     5 |    12 |     7 |     5 |     8 |     7 ||    54
         Boomerang         |       |       |     8 |    44 |   100 |   150 |     9 |    68 |     7 ||   386
         Throwing net      |       |       |     1 |       |       |       |       |       |       ||     1
         Javelin           |       |       |       |     5 |     3 |       |     4 |    12 |     4 ||    28
 Invoke: Trog's Hand       |       |       |     3 |     8 |     6 |     7 |     9 |     8 |     1 ||    42
         Berserk           |       |       |     1 |     7 |     4 |     1 |     1 |     2 |     1 ||    17
         Brothers in Arms  |       |       |       |     1 |     1 |     2 |     2 |     1 |       ||     7
Ability: Evoke Blink       |       |       |       |       |       |       |     2 |     1 |     4 ||     7
  Evoke: Wand              |       |       |     1 |    11 |     5 |     7 |    12 |     3 |       ||    39
         Phial of floods   |       |       |       |       |     2 |       |     1 |     1 |       ||     4
         Condenser vane    |       |       |       |       |       |     2 |     1 |     1 |       ||     4
         Phantom mirror    |       |       |       |       |       |       |     1 |     1 |       ||     2
    Use: Scroll            |       |       |     5 |    15 |    13 |    12 |     8 |    15 |     3 ||    71
         Potion            |       |       |       |       |       |     2 |     8 |     4 |       ||    14
   Stab: Sleeping          |       |     2 |     5 |     5 |       |       |       |       |       ||    12
         Distracted        |       |       |     1 |     2 |       |       |       |     2 |       ||     5
         Invisible         |       |       |       |     2 |       |     1 |     1 |       |       ||     4
         Paralysed         |       |       |       |     1 |       |       |     2 |       |       ||     3
         Confused          |       |       |       |       |       |     1 |       |       |       ||     1
 Armour: Animal skin       |    11 |       |       |       |       |       |       |       |       ||    11
         Leather armour    |     7 |    12 |     7 |       |       |       |       |       |       ||    26
         Ring mail         |       |    41 |   108 |       |       |       |       |       |       ||   149
         Acid dragon scale |       |       |       |   127 |    35 |       |       |       |       ||   162
         Chain mail        |       |       |       |       |    72 |       |       |       |       ||    72
         Plate armour      |       |       |       |       |   460 |   769 |   606 |   193 |       ||  2028
         Gold dragon scale |       |       |       |       |       |       |       |   693 |   218 ||   911
  Dodge: Dodged            |    60 |    90 |   142 |   155 |   443 |   537 |   423 |   676 |   152 ||  2678
  Block: Other             |       |       |       |    67 |   100 |       |       |       |       ||   167
         Reflection        |       |       |       |     3 |     1 |       |       |       |       ||     4

Table legend: (Time is in decaauts)
 A = Elapsed time spent in this place.
 B = Non-inter-level travel time spent in this place.
 C = Inter-level travel time spent in this place.
 D = Time resting spent in this place.
 E = Time spent auto-exploring this place.
 F = Levels seen in this place.
 G = Mean time per level.
                   A        B        C        D        E       F      G
               +--------+--------+--------+--------+--------+-----+--------+
         Total |  69430 |  64711 |   4719 |   2784 |  48625 |  50 | 1388.6 |
       Dungeon |  15268 |  13716 |   1552 |    242 |  10293 |  15 | 1017.9 |
          Lair |   7559 |   6623 |    936 |    282 |   4899 |   5 | 1511.8 |
         Swamp |   3894 |   3722 |    172 |    101 |   2887 |   4 |  973.5 |
     Snake Pit |   7340 |   7109 |    231 |    263 |   5664 |   4 | 1835.0 |
  Orcish Mines |   3270 |   2902 |    368 |     39 |   2050 |   2 | 1635.0 |
   Elven Halls |   4476 |   4283 |    193 |    392 |   3018 |   3 | 1492.0 |
        Vaults |   8196 |   7748 |    448 |    584 |   5845 |   4 | 2049.0 |
        Depths |   9444 |   8770 |    674 |    255 |   6917 |   4 | 2361.0 |
           Zot |   7312 |   7171 |    141 |    356 |   5654 |   5 | 1462.4 |
         Abyss |    885 |    885 |      0 |      0 |    520 |   2 |  442.5 |
       Ossuary |    280 |    280 |      0 |      0 |    162 |   1 |  280.0 |
    Desolation |   1502 |   1502 |      0 |    267 |    715 |   1 | 1502.0 |
               +--------+--------+--------+--------+--------+-----+--------+

Top non-repeatable levels by time:
Depths:1: 2592 daAuts
 Snake:3: 2547 daAuts
 Snake:4: 2497 daAuts
   Zot:3: 2486 daAuts
Vaults:3: 2423 daAuts
Depths:4: 2346 daAuts
Depths:2: 2340 daAuts
   Orc:2: 2306 daAuts
Vaults:4: 2180 daAuts
Depths:3: 2165 daAuts
Vaults:1: 1943 daAuts
  Lair:5: 1921 daAuts
  Lair:2: 1839 daAuts
   Elf:2: 1788 daAuts
   Zot:2: 1674 daAuts
